 Dungeon Crawl Stone Soup version 0.29.0-7-g18a832c13a (webtiles) character file.

Game seed: 10584501128564924652

1204 apoch the Cleaver (level 8, -2/71 HPs)
             Began as a Minotaur Fighter on Aug 30, 2022.
             Killed from afar by Maggie (19 damage)
             ... with a bolt of fire
             ... on level 6 of the Dungeon.
             The game lasted 00:12:27 (5572 turns).

apoch the Cleaver (Minotaur Fighter)                Turns: 5572, Time: 00:12:27

Health: -2/71      AC: 17    Str: 23    XL:     8   Next: 21%
Magic:  7/7        EV:  9    Int:  5    God:
Gold:   350        SH:  4    Dex: 10    Spells: 7/7 levels left

rFire   . . .      SeeInvis .   a - +0 war axe
rCold   + . .      Faith    .   c - +0 buckler
rNeg    . . .      Spirit   .   s - +3 scale mail {rC+}
rPois   .          Reflect  .   (helmet restricted)
rElec   .          Harm     .   C - +0 cloak
rCorr   .          Rampage  .   (no gloves)
Will    .....                   A - +0 pair of boots
Stlth   ..........              (no amulet)
HPRegen 0.21/turn               t - +4 ring of protection
MPRegen 0.10/turn               (no ring)

@: no status effects
A: horns 2, retaliatory headbutt
a: no special abilities


You were on level 6 of the Dungeon.
You visited 1 branch of the dungeon, and saw 6 of its levels.

You collected 350 gold pieces.

Inventory:

Hand Weapons
 a - a +0 war axe (weapon)
 D - a +2 flail of protection
Missiles
 h - 67 stones (quivered)
 m - 4 poisoned darts
 K - 3 boomerangs
Armour
 b - a +0 scale mail
 c - a +0 buckler (worn)
 s - a +3 scale mail of cold resistance (worn)
 A - a +0 pair of boots (worn)
 B - a +0 plate armour
 C - a +0 cloak (worn)
Jewellery
 n - an amulet of magic regeneration
 t - a +4 ring of protection (left hand)
 u - a ring of see invisible
Wands
 k - a wand of light (8)
 y - a wand of paralysis (8)
Scrolls
 g - 2 scrolls of fear
 i - 5 scrolls of identify
 l - 2 scrolls of teleportation
 p - a scroll of noise
 r - 2 scrolls of poison
 w - 4 scrolls of vulnerability
 x - a scroll of fog
 F - a scroll of brand weapon {unknown}
 H - 3 scrolls of enchant armour
 I - a scroll of summoning
 J - a scroll of acquirement {unknown}
Potions
 d - 3 potions of might
 e - a potion of attraction
 f - a potion of mutation
 j - 5 potions of curing
 o - a potion of degeneration {unknown}
 q - 3 potions of heal wounds
 v - a potion of invisibility
 z - a potion of flight {unknown}
 E - a potion of haste {unknown}
 G - a potion of magic {unknown}


   Skills:
 + Level 6.9 Fighting
 * Level 8.7 Axes
 + Level 6.9 Armour
 - Level 3.6 Shields


You had 7 spell levels left.
You didn't know any spells.
Your spell library contained the following spells:

 Spells                   Type           Power      Damage    Failure   Level
 Sandblast                Erth           0%         2d4       85%         1
 Ensorcelled Hibernation  Hex/Ice        0%         N/A       94%         2
 Passwall                 Tmut/Erth      0%         N/A       94%         2
 Stone Arrow              Conj/Erth      0%         3d7       99%         3
 Swiftness                Air            0%         N/A       99%         3


Dungeon Overview and Level Annotations

Branches:
Dungeon (6/15)             Temple (0/1) D:4

Altars:
Gozag
Kikubaaqudgha

Shops:
D:4 *

Annotations:
D:6 Maggie


Innate Abilities, Weirdness & Mutations

You have a pair of horns on your head.
You reflexively headbutt those who attack you in melee.


Message History

Maggie is lightly wounded.
Maggie hits you with a +1 scimitar of flaming.
Maggie burns you.
You completely miss Maggie.
Maggie is lightly wounded.
Maggie hits you but does no damage. x2
You slash Maggie!
Maggie is lightly wounded.
Maggie hits you but does no damage.
You slash Maggie!
Maggie is moderately wounded.
Maggie says, "Have you seen any dragons?"
Maggie casts a spell at you. The bolt of fire hits you!
You hit Maggie.
Maggie is moderately wounded.
Maggie points at you and mumbles some strange words.
The bolt of fire hits you but does no damage.
You hit Maggie but do no damage.
Maggie is moderately wounded.
Maggie hits you with a +1 scimitar of flaming.
Maggie burns you.
You hit Maggie but do no damage.
Maggie is moderately wounded.
Maggie gestures at you while chanting. The bolt of fire hits you!!
* * * LOW HITPOINT WARNING * * *
You slash Maggie!
Maggie is severely wounded.
You break out of your daze.
Maggie mumbles some strange words.
Maggie attempts to bespell you! You resist.
You closely miss Maggie.
Maggie is severely wounded.
Maggie hits you but does no damage.
You completely miss Maggie.
Maggie is severely wounded.
Maggie gestures at you while chanting. The bolt of fire hits you!!
You die...

####### #######
......# #.....#
......# ... #.....#
......# ... #.....#
......+ ^...
#.....#........
.##...# .....
#@....#........
.##...#
.....##@....#........
......#
............+........
......#
............#........
......#
............#........#
......#
............#........#
.######
#....####...#........#
.###
#....####...#........+
...#
#...........#........#
...#
#...........#........#


You could see Maggie.

Vanquished Creatures
  Menkaure (D:5)
  Edmund (D:4)
  A black bear (D:5)
  An ice beast (D:5)
  An ogre (D:4)
  A necrophage (D:5)
  Blork the orc (D:5)
  2 scorpions (D:4)
  A howler monkey (D:6)
  A jelly (D:4)
  2 hounds (D:6)
  Crazy Yiuf (D:5)
  An iguana (D:5)
  8 gnolls
  10 adders
  A shadow imp (D:6)
  2 ufetubi
  3 worms
  3 dart slugs
  8 orcs
  5 endoplasms
  3 giant cockroaches (D:1)
  4 hobgoblins
  3 jackals (D:2)
  4 quokkas
  9 ball pythons
  6 bats
  3 frilled lizards
  5 goblins
  7 kobolds
  8 rats
107 creatures vanquished.

Notes
Turn   | Place    | Note
-------+----------+-------------------------------------------
     0 | D:1      | apoch the Minotaur Fighter began the quest for the Orb.
     0 | D:1      | Reached XP level 1. HP: 19/19 MP: 0/0
   213 | D:1      | Reached skill level 3 in Axes
   213 | D:1      | Reached XP level 2. HP: 27/27 MP: 1/1
   688 | D:1      | Found a faded altar of an unknown god.
   897 | D:2      | Reached XP level 3. HP: 29/33 MP: 2/2
  1313 | D:2      | Reached skill level 4 in Axes
  1718 | D:3      | Reached XP level 4. HP: 35/40 MP: 3/3
  2037 | D:3      | Reached XP level 5. HP: 37/47 MP: 4/4
  2517 | D:3      | Reached skill level 5 in Axes
  2740 | D:4      | Found an opulent altar of Gozag.
  2833 | D:4      | Identified the +7 quarterstaff of the Smoking Rat {drain,
                  | Str+4}
  3092 | D:4      | Reached skill level 5 in Fighting
  3092 | D:4      | Reached skill level 5 in Armour
  3095 | D:4      | Reached XP level 6. HP: 34/56 MP: 5/5
  3289 | D:4      | Found Nponufuc's Needful Niceties.
  3295 | D:4      | Reached skill level 6 in Axes
  3425 | D:4      | Found a staircase to the Ecumenical Temple.
  3458 | D:4      | Noticed Edmund
  3476 | D:4      | Killed Edmund
  3477 | D:4      | Reached XP level 7. HP: 37/62 MP: 6/6
  3912 | D:5      | Entered Level 5 of the Dungeon
  3920 | D:5      | Reached skill level 7 in Axes
  4131 | D:5      | Noticed Menkaure
  4138 | D:5      | Killed Menkaure
  4447 | D:5      | Reached skill level 8 in Axes
  4481 | D:5      | Noticed Blork the orc
  4489 | D:5      | Killed Blork the orc
  4490 | D:5      | Reached XP level 8. HP: 71/71 MP: 7/7
  4598 | D:5      | Found an ancient bone altar of Kikubaaqudgha.
  5001 | D:5      | Found a runed translucent door.
  5002 | D:5      | Noticed Crazy Yiuf
  5010 | D:5      | Killed Crazy Yiuf
  5557 | D:6      | Noticed Maggie
  5572 | D:6      | Killed from afar by Maggie

Illustrated notes

Levels and vault maps discovered:
D:1:      heliophobic_arrival_enchanted_forest, layout_basic,
          hellmonk_ecumenical_altar_leap_of_faith
D:2:      layout_basic, minmay_pentomino_v4
D:3:      layout_basic, grunt_decor_resistance, chequers_serial_rivers_micro_c
D:4:      layout_cave_pods, grunt_gozag_breadcrumbs, minmay_temple_entry_glass,
          nicolae_alphabet_shops, uniq_edmund
D:5:      layout_loops_cross, nicolae_kikubaaqudgha_miasma_corner,
          minmay_misc_feat_cross, st_stairs_7, uniq_crazy_yiuf_cottage,
          uniq_blork_the_orc, uniq_menkaure
D:6:      layout_gridville, kennysheep_cross_bottleneck,
          hangedman_abyss_or_decor_passed, grunt_decor_arrowhead, uniq_maggie

Skill      XL: |  1  2  3  4  5  6  7 |
---------------+----------------------+-----
Axes           | 3 4 5 6 8 |  8.7
Fighting       | 4 5 6 |  6.9
Armour         | 4 5 6 |  6.9
Shields        | |  3.6

Action                   |  1- 3 |  4- 6 |  7- 9 || total
-------------------------+-------+-------+-------++-------
Melee: War axe           |    91 |   110 |    67 ||   268
       Headbutt          |     6 |    21 |    12 ||    39
Throw: Stone             |     1 |       |       ||     1
  Use: Scroll            |       |       |    15 ||    15
Armor: Scale mail        |    44 |    55 |    40 ||   139
Dodge: Dodged            |    45 |    41 |    25 ||   111
Block: Buckler           |    25 |    19 |    19 ||    63
